 Dungeon Crawl Stone Soup version 0.27.1 (webtiles) character file.

Game seed: 8083394837194835996

6 chaosape the Gusty (level 1, -1/13 HPs)
             Began as a Gnoll Wanderer on Aug 27, 2021.
             Frozen to death by an endoplasm (4 damage)
             ... on level 1 of the Dungeon.
             The game lasted 00:03:40 (551 turns).

chaosape the Gusty (Gnoll Wanderer)                  Turns: 551, Time: 00:03:41

Health: -1/13      AC:  0    Str: 10    XL:     1   Next: 90%
Magic:  4/4        EV: 11    Int: 13    God:
Gold:   18         SH:  0    Dex: 10    Spells: 4/5 levels left

rFire    . . .     SeeInvis .   f - +0 dagger
rCold    . . .     Faith    .   (no shield)
rNeg     . . .     Spirit   .   (no armour)
rPois    .         Reflect  .   (no helmet)
rElec    .         Harm     .   (no cloak)
rCorr    .         Rampage  .   (no gloves)
Will     .....                  (no boots)
Stlth    +.........             (no amulet)
HPRegen  0.04/turn              (no ring)
MPRegen  0.09/turn              (no ring)

@: no status effects
A: fangs 1, strong nose, distributed training
a: no special abilities


You were on level 1 of the Dungeon.
You visited 1 branch of the dungeon, and saw 1 of its levels.

You collected 18 gold pieces.

Inventory:

Hand Weapons
 a - a +0 club
 f - a +0 dagger (weapon)
 h - a +0 short sword
Missiles
 d - 19 stones
Armour
 b - a +0 robe
 e - a +0 leather armour
 i - a +0 plate armour
Scrolls
 g - a scroll of acquirement {unknown}
Potions
 c - a potion of lignification


   Skills:
 + Level 0.2 Fighting
 + Level 0.2 Short Blades
 + Level 0.2 Long Blades
 + Level 0.2 Axes
 + Level 0.2 Maces & Flails
 + Level 0.2 Polearms
 + Level 0.2 Staves
 + Level 0.2 Slings
 + Level 0.2 Bows
 + Level 0.2 Crossbows
 + Level 2.4 Throwing
 + Level 0.2 Armour
 + Level 0.2 Dodging
 + Level 0.2 Stealth
 + Level 0.2 Shields
 + Level 0.2 Unarmed Combat
 + Level 2.6 Spellcasting
 + Level 5.3 Conjurations
 + Level 0.1 Hexes
 + Level 0.1 Summonings
 + Level 0.1 Necromancy
 + Level 0.1 Translocations
 + Level 0.1 Transmutations
 + Level 0.1 Fire Magic
 + Level 0.1 Ice Magic
 + Level 7.0 Air Magic
 + Level 0.1 Earth Magic
 + Level 0.1 Poison Magic
 + Level 0.3 Invocations
 + Level 2.4 Evocations


You had 4 spell levels left.
You knew the following spells:

 Your Spells              Type           Power      Damage    Failure   Level
a - Magic Dart            Conj           60%        1d6       2%          1

Your spell library contained the following spells:

 Spells                   Type           Power      Damage    Failure   Level
 Searing Ray              Conj           30%        3d4       4%          2
 Corpse Rot               Necr/Air       N/A        N/A       9%          2
 Dazzling Flash           Conj/Hex       16%        N/A       22%         3
 Sublimation of Blood     Necr           1%         N/A       32%         2
 Fulminant Prism          Conj/Hex       4%         3d6       58%         4
 Iskenderun's Mystic Bla  Conj/Tloc      8%         2d4       58%         4


Dungeon Overview and Level Annotations

Branches:
Dungeon (1/15)

Altars:


Innate Abilities, Weirdness & Mutations

You have very sharp teeth.
Your uncanny sense of smell can sniff out nearby items.
Your experience applies equally to all skills.


Message History

You continue taking off your +0 leather armour. x4
You finish taking off your +0 leather armour.
You start putting on your armour.
You continue putting on your +0 plate armour. x5
You finish putting on your +0 plate armour.
Casting: Magic Dart (safe; 100% risk of failure)
Confirm with . or Enter, or press ? or * to list all spells.
Okay, then.
A kobold comes into view.
It is wielding a +2 dagger of electrocution.
The kobold shouts!
A kobold comes into view. It is wielding a +0 dagger.
The kobold shouts!
You hear a shout!
A goblin comes into view. It is wielding a +0 club.
An endoplasm comes into view.
The endoplasm quivers.
The kobold throws a stone.
Keep disrobing?
The stone hits you.
You start removing your armour.
You continue taking off your +0 plate armour.
The kobold throws a stone.
The stone hits you but does no damage.
You continue taking off your +0 plate armour.
The kobold throws a stone.
The stone hits you but does no damage.
You continue taking off your +0 plate armour.
The kobold throws a stone.
The stone hits you.
You continue taking off your +0 plate armour.
The goblin hits you but does no damage.
You finish taking off your +0 plate armour.
The goblin hits you with a +0 club.
Keep equipping yourself?
The endoplasm jiggles.
The endoplasm freezes you.
You are frozen.
* * * LOW HITPOINT WARNING * * *
You start putting on your armour.
You continue putting on your +0 leather armour.
The goblin misses you. The endoplasm freezes you.
You are frozen.
You die...

∆ .. ∆ ...## ###
...#. ...
...$.##.# #
#......##.#
#...KJK...# . #
#g@# .. #.#..#
.#
..##.#..###..#
...........>.#
#.#.#.#...##.###
#.#.#.#.........
#.#.# #...##...#
## ..... ##..#
#.# .. #.#.#
#..# #


You could see an endoplasm, a goblin and 2 kobolds.

Vanquished Creatures
  A ball python (D:1)
  A giant cockroach (D:1)
  A goblin (D:1)
  A kobold (D:1)
  2 rats (D:1)
6 creatures vanquished.

Notes
Turn   | Place    | Note
-------+----------+-------------------------------------------
     0 | D:1      | chaosape the Gnoll Wanderer began the quest for the Orb.
     0 | D:1      | chaosape set off with the following items: a +0 club, a +0
                  | robe, a potion of lignification; and the following spell
                  | memorised: Magic Dart; and the following spells available
                  | to memorise: Searing Ray, Corpse Rot, Dazzling Flash,
                  | Sublimation of Blood, Fulminant Prism, Iskenderun's Mystic
                  | Blast
     0 | D:1      | Reached XP level 1. HP: 13/13 MP: 4/4
   551 | D:1      | Frozen to death by an endoplasm

Illustrated notes

Levels and vault maps discovered:
D:1:      minmay_arrival_glassed_features, layout_loops_ring,
          minmay_three_crescents

Action                   || total
-------------------------++-------
Melee: Dagger            ||     5
Throw: Stone             ||     2
 Cast: Magic Dart        ||     7
Armor: Plate armour      ||     3
Dodge: Dodged            ||     2
